 Dungeon Crawl Stone Soup version 0.30-a0-1160-g6e42c06551 (webtiles) character file.

Game seed: 14869878104963209934

163 AleXD21137 the Ruffian (level 5, -2/46 HPs)
             Began as a Ghoul Monk on Apr 25, 2023.
             Slain by a scorpion (6 damage)
             ... on level 3 of the Dungeon.
             The game lasted 00:09:57 (1922 turns).

AleXD21137 the Ruffian (Ghoul Monk)                 Turns: 1922, Time: 00:09:58

Health: -2/46      AC:  3    Str: 15    XL:     5   Next: 44%
Magic:  4/4        EV: 12    Int:  7    God:
Gold:   116        SH:  0    Dex: 11    Spells: 4/4 levels left

rFire   + .          .
                       - Unarmed
rCold   + . .        c - orb {light}
rNeg    + + +        a - +0 robe
rPois   ∞            f - +0 hat
rElec   .            (no cloak)
rCorr   .            m - +0 pair of gloves {Thanos}
SInv    .            (no boots)
Will    .....        (no amulet)
Stlth   +            d - ring of protection from fire
HPRegen 0.00/turn    (no ring)
MPRegen 0.09/turn

%: no passive effects
@: inhibited regen, glowing
A: claws 1, cold resistance 1, negative energy resistance 3, inhibited
regeneration, torment resistance 2, devour on kill
a: no special abilities


You were on level 3 of the Dungeon.
You visited 1 branch of the dungeon, and saw 3 of its levels.

You collected 116 gold pieces.

Inventory:

Armour
 a - a +0 robe (worn)
 c - an orb of light (worn)
 e - a +0 leather armour
 f - a +0 hat (worn)
 m - a +0 pair of gloves (worn) {Thanos}
Jewellery
 d - a ring of protection from fire (left hand)
Scrolls
 b - a scroll of vulnerability {unknown}
 g - 2 scrolls of teleportation
 h - a scroll of identify (quivered)
 i - a scroll of brand weapon {unknown}
 k - a scroll of acquirement
Potions
 j - a potion of curing {unknown}
 l - 2 potions of flight {unknown}


   Skills:
 + Level 4.1 Fighting
 + Level 3.6 Dodging
 + Level 1.1 Stealth
 + Level 5.0 Unarmed Combat


You had 4 spell levels left.
You didn't know any spells.
Your spell library contained the following spells:

 Spells                   Type           Power      Damage    Failure   Level
 Freeze                   Ice            0%         1d3       43%         1
 Frozen Ramparts          Ice            0%         1d1       80%         3
 Hailstorm                Conj/Ice       0%         3d3       80%         3
 Vhi's Electric Charge    Tloc/Air       0%         N/A       80%         3
 Arcjolt                  Conj/Air       0%         1d10      100%        5
 Iskenderun's Battlesphe  Conj           0%         2d6       100%        5
 Iron Shot                Conj/Erth      0%         9d1       100%        6
 Spellforged Servitor     Conj/Summ      0%         N/A       100%        7
 Maxwell's Capacitive Co  Air            0%         ∞         100%        8


Dungeon Overview and Level Annotations

Branches:
Dungeon (3/15)

Altars:


Innate Abilities, Weirdness & Mutations

You are immune to poison.
You have sharp fingernails.
Your flesh is cold resistant. (rC+)
You are immune to negative energy. (rN+++)
You do not regenerate when monsters are visible.
You are immune to unholy pain and torment.
You thrive by killing the living.


Message History

There is an open door here.
You closely miss the quokka. The bat hits you but does no damage.
The bat barely misses you. The bat hits you. The scorpion closely misses you.
The quokka completely misses you.
You barely miss the quokka. The bat barely misses you.
The bat hits you but does no damage.
The orc hits you from afar with a +0 trident.
The scorpion stings you. The quokka misses you. The bat hits you.
You hit the quokka.
The quokka is severely wounded.
The bat barely misses you. The bat hits you. The orc closely misses you.
The scorpion barely misses you. The quokka barely misses you.
You hit the quokka but do no damage.
The quokka is severely wounded.
The bat barely misses you. x2; The bat hits you.
The orc hits you from afar with a +0 trident.
The scorpion stings you. The quokka barely misses you.
You hit the quokka but do no damage.
The quokka is severely wounded.
The bat barely misses you. The bat closely misses you.
The bat barely misses you. The scorpion stings you. The quokka bites you.
The orc barely misses you. The bat hits you but does no damage.
You hit the quokka but do no damage.
The quokka is severely wounded.
The bat hits you but does no damage. The bat barely misses you.
The scorpion stings you.
* * * LOW HITPOINT WARNING * * *
The quokka bites you.
* * * LOW HITPOINT WARNING * * *
The orc closely misses you. The bat hits you but does no damage.
The bat misses you.
This is a scroll of acquirement!
Something appears at your feet! The bat hits you but does no damage.
The scorpion stings you.
* * * LOW HITPOINT WARNING * * *
The quokka closely misses you. The orc barely misses you.
The bat hits you but does no damage.
d - a ring of protection from fire (left hand)
The bat barely misses you. The scorpion stings you.
You die...

.#.#.#.## ...
...#...# ..#
.#.#.#.## ..
##...#..# .#
...#.#.##
#####.#
#.##...#
..##..#
.....#.##
#.##.########
###.##..#
#.#..#s.....)
.......##
#.#.b@ro....)
#.###.##
#.#..#bl....!
####.##
##....########
# #.# #...#..#
# #.# #..###.#
# #.# ####..#
#.## ### #
#.###.....#
#..# #..
####.#.).###.#
#..## #.#
#.....### #.#
#...#+ #.#


You could see a scorpion, an iguana, an orc, a quokka and 2 bats.

Vanquished Creatures
  A phantom (D:2)
  A sleepcap (D:3)
  3 adders
  3 ball pythons
  An endoplasm (D:2)
  A giant cockroach (D:3)
  4 goblins
  3 hobgoblins
  4 jackals (D:2)
  2 quokkas (D:2)
  5 bats
  2 frilled lizards
  3 kobolds
  2 rats
35 creatures vanquished.

Notes
Turn   | Place    | Note
-------+----------+-------------------------------------------
     0 | D:1      | AleXD21137 the Ghoul Monk began the quest for the Orb.
     0 | D:1      | Reached XP level 1. HP: 19/19 MP: 0/0
   209 | D:1      | Reached XP level 2. HP: 26/26 MP: 1/1
   754 | D:2      | Noticed a phantom
   783 | D:2      | Killed a phantom
   784 | D:2      | Reached skill level 4 in Unarmed Combat
   784 | D:2      | Reached XP level 3. HP: 28/33 MP: 2/2
   784 | D:2      | Reached XP level 4. HP: 34/40 MP: 3/3
  1578 | D:3      | Reached XP level 5. HP: 46/46 MP: 4/4
  1677 | D:3      | Reached skill level 1 in Stealth
  1732 | D:3      | Reached skill level 5 in Unarmed Combat
  1921 | D:3      | Identified 2 scrolls of acquirement
  1921 | D:3      | Acquired a staff of death
  1922 | D:3      | Slain by a scorpion

Illustrated notes

Levels and vault maps discovered:
D:1:      shiori_arrival_maze, layout_basic, feat_on_display
D:2:      layout_loops_ring
D:3:      layout_basic, nicolae_concentric_dashed_squares_wild,
          minmay_divided_ellipse

Skill      XL: |  1  2  3  4  5 |
---------------+----------------+-----
Dodging        | 3 |  3.6
Fighting       | 4 |  4.1
Unarmed Combat | 4 5 |  5.0
Stealth        | 1 |  1.1

Action                     |  1- 3 |  4- 6 || total
---------------------------+-------+-------++-------
  Melee: Unarmed           |    55 |    57 ||   112
    Use: Scroll            |     1 |     3 ||     4
         Potion            |     1 |       ||     1
 Armour: Robe              |    13 |    19 ||    32
  Dodge: Dodged            |    33 |    87 ||   120

Table legend: (Time is in decaauts)
 A = Elapsed time spent in this place.
 B = Non-inter-level travel time spent in this place.
 C = Inter-level travel time spent in this place.
 D = Time resting spent in this place.
 E = Time spent auto-exploring this place.
 F = Levels seen in this place.
 G = Mean time per level.
                   A        B        C        D        E       F      G
               +--------+--------+--------+--------+--------+-----+--------+
         Total |   1914 |   1902 |     12 |      0 |    993 |   3 |  638.0 |
       Dungeon |   1914 |   1902 |     12 |      0 |    993 |   3 |  638.0 |
               +--------+--------+--------+--------+--------+-----+--------+

Top non-repeatable levels by time:
     D:2: 963 daAuts
     D:1: 587 daAuts
     D:3: 363 daAuts
